AoeStats
← cegirke

Arabia

510113340Analyzed
1v1 RM · 2d ago on Sep 29, 2026· 43m 48s· 2 players
Game mode
Random Map
Map size
Tiny (2 player)
Population
200
Speed
Normal
Resources
Standard
Victory
Conquest
Starting age
Dark Age
Ending age
Imperial Age
RankedLock teamsTeams togetherTeam positionsShared explorationLock speedFull tech treeHidden civsTurbo modeCheats
Victory
Defeat
🇲🇽 Magyars · Mexico
1169
+14
🇹🇷 Berbers · Türkiye
1136
-22
cegirke
7:17 Loom
9:39 Feudal Age
11:10 Double-Bit Axe
19:17 Castle Age
19:07 Gold Mining
19:11 Stone Mining
19:03 Horse Collar
19:25 Pikeman
20:27 Scale Mail Armor
22:28 Forging
27:03 Squires
27:43 Chain Mail Armor
29:35 Iron Casting
37:04 Imperial Age
34:36 Fletching
35:44 Bow Saw
38:40 Gold Shaft Mining
38:14 Bodkin Arrow
40:30 Padded Archer Armor
41:31 Blast Furnace
41:02 Plate Mail Armor
43:04 Wheelbarrow
Jamie Lannister
7:39 Loom
9:45 Feudal Age
14:22 Castle Age
15:15 Double-Bit Axe
24:40 Horse Collar
25:39 Pikeman
26:51 Gold Mining
27:27 Stone Mining
29:13 Wheelbarrow
28:55 Town Watch
29:37 Bloodlines
29:30 Husbandry
30:33 Scale Barding Armor
32:05 Chain Barding Armor
32:35 Corvinian Army
40:51 Imperial Age
38:41 Fletching
38:52 Padded Archer Armor
39:43 Bodkin Arrow
39:29 Elite Skirmisher
40:25 Leather Archer Armor
42:05 Ballistics
43:41 Chemistry
43:34 Plate Barding Armor
43:50 Parthian Tactics
44:06 Ballistics
Connection lost

Rejoining the realm…

Still unreachable

The connection could not be restored.

Session expired

The server has moved on; the page needs a fresh start.